Map: Lightshade LE

Players

HeroMarine

  • Race: Terran Terran
  • Spawn Location: 5:00

Serral - Winner!

  • Race: Zerg Zerg
  • League: Grandmaster
  • Spawn Location: 11:00

Event: StayAtHome Story Cup #3

VOD

Have the link to the VOD?

Description

Time

  • Played on: March 13, 2021, 10:53 a.m.
  • Length: 11:08

All games in this series

Show
View Real Time Build Order
Export as new Build Order

HeroMarine Terran 

Build Orders: Reaper Expand, Hellion Banshee 

Get SALT Encoding   

  12  0:00  SCV  
  13  0:12  SCV  
  14  0:17  Supply Depot  
  14  0:24  SCV  
  15  0:38  SCV  
  15  0:40  Barracks  
  16  0:43  Refinery  
  16  0:50  SCV  
  17  1:03  SCV  
  18  1:15  SCV  
  19  1:27  Reaper, Orbital Command  
  20  1:39  Command Center  
  20  1:48  Supply Depot  
  20  1:53  SCV  
  21  1:59  Marine  
  22  2:05  SCV  
  23  2:08  Factory  
  23  2:17  SCV  
  23  2:21  Barracks Reactor  
  24  2:29  SCV  
  25  2:41  SCV  
  25  2:42  Command Center  
  26  2:52  Orbital Command  
  26  2:53  SCV  
  27  3:00  Starport  
  27  3:05  SCV  
  27  3:07  Refinery  
  27  3:09  Hellion  
  30  3:16  Hellion  
  30  3:18  SCV x2  
  34  3:20  Barracks Tech Lab  
  34  3:30  SCV x2  
  34  3:32  Hellion  
  38  3:37  Hellion  
  40  3:42  SCV x2  
  40  3:48  Banshee  
  45  3:54  SCV x2  
  49  3:56  Hellion  
  49  3:58  Orbital Command  
  49  3:59  Hellion  
  49  4:01  Cloaking Field  
  51  4:06  Supply Depot  
  51  4:08  SCV  
  51  4:09  SCV  
  53  4:11  Barracks Tech Lab  
  53  4:20  SCV, Hellion x2  
  53  4:22  SCV  
  59  4:24  Orbital Command, Supply Depot  
  59  4:32  SCV  
  59  4:34  SCV, Banshee  
  59  4:37  Marine  
  65  4:43  Barracks  
  65  4:44  SCV  
  64  4:45  Barracks  
  64  4:46  SCV  
  64  4:47  Factory Reactor  
  64  4:48  Stimpack  
  64  4:52  Refinery, SCV  
  66  4:54  Refinery  
  66  4:55  Marine  
  66  4:56  SCV  
  66  4:58  SCV  
  69  5:02  Supply Depot  
  69  5:04  SCV  
  70  5:08  SCV  
  70  5:10  SCV  
  70  5:13  Marine  
  73  5:16  SCV  
  73  5:17  Engineering Bay x2  
  73  5:20  SCV  
  75  5:22  SCV  
  75  5:28  Starport Reactor  
  76  5:29  SCV  
  76  5:30  Marine  
  76  5:32  SCV, Siege Tank, Marine x2, Supply Depot  
  76  5:33  Supply Depot  
  84  5:37  Barracks  
  84  5:39  SCV  
  84  5:42  Barracks  
  85  5:53  SCV x2, Marine x5  
  92  5:59  Supply Depot  
  92  6:00  Refinery, SCV  
  93  6:05  SCV x2, Medivac  
  93  6:06  Medivac  
  93  6:07  Supply Depot  
  93  6:11  Marine x2  
  99  6:17  Supply Depot x2  
  101  6:20  SCV x3, Marine x2, Siege Tank  
  101  6:23  Barracks Reactor  
  109  6:27  Terran Infantry Armor Level 1, Terran Infantry Weapons Level 1  
  109  6:28  Marine  
  109  6:29  Barracks Reactor  
  111  6:32  SCV  
  111  6:34  Combat Shield  
  111  6:35  Marine x2  
  113  6:41  Marine x2  
  113  6:46  Barracks, Marine  
  113  6:47  Barracks  
  116  6:49  Barracks  
  116  6:53  Marine x2  
  118  6:58  Marine  
  118  6:59  Marine  
  120  7:03  Marine  
  120  7:04  Marine x2  
  120  7:05  Siege Tank  
  120  7:06  Marine x2  
  128  7:11  Marine x2  
  128  7:12  Medivac  
  132  7:16  Marine x2, Medivac, Supply Depot x2  
  132  7:18  Supply Depot  
  132  7:20  Supply Depot  
  136  7:24  SCV x3  
  134  7:30  Marine x2  
  134  7:36  SCV, Marine x2  
  139  7:37  Marine x4  
  139  7:38  Armory  
  139  7:39  Siege Tank  
  139  7:42  Medivac  
  148  7:47  Marine x4  
  148  7:48  Marine x2  
  154  7:54  Marine x2  
  154  7:55  Marine, Medivac  
  159  7:59  Marine x2  
  159  8:03  Marine  
  159  8:05  SCV x3  
  160  8:09  Marine x2  
  160  8:11  Siege Tank  
  165  8:13  Medivac  
  165  8:17  SCV x3  
  165  8:18  Marine  
  164  8:22  Marine x2  
  164  8:26  Marine x2  
  166  8:27  Terran Infantry Weapons Level 2  
  166  8:29  SCV x2  
  166  8:30  Marine  
  166  8:31  Marine x2  
  166  8:33  Marine  
  166  8:34  Marine  
  172  8:37  Supply Depot  
  172  8:39  Marine x2  
  175  8:46  Siege Tank  
  178  8:49  Marine  
  178  8:50  Marine  
  178  8:52  Marine  
  178  8:53  Marine x2  
  167  8:56  Marine  
  167  8:57  Marine x2  
  167  9:01  Marine x2  
  163  9:08  Medivac x2  
  163  9:09  Marine x3  
  138  9:10  Marine x2  
  138  9:11  Marine x2  
  136  9:22  Marine x3  
  136  9:23  Marine  
  116  9:26  Marine x2  
  116  9:27  Marine x2, Siege Tank  
  116  9:29  Marine  
  124  9:34  Marine x2  
  123  9:46  Marine  
  123  9:49  Marine x2  
  126  9:55  Marine x3  
  126  9:56  Marine x2, Medivac x2  
  126  9:57  Marine x4  
  126  9:59  Siege Tank  
  141  10:04  SCV x2, Marine  
  141  10:06  Marine  
  139  10:07  SCV, Marine  
  139  10:13  Marine  
  133  10:17  Marine x2  
  133  10:18  Marine x2  
  137  10:22  Marine x2  
  137  10:23  Marine x2  
  137  10:26  Marine  
  137  10:27  Marine, Medivac  
  137  10:28  Marine, Medivac  
  147  10:31  Marine  
  149  10:38  Marine  
  149  10:39  Marine x3  
  149  10:41  Marine x2  
  147  10:42  Marine  
  147  10:43  Marine  
Show
View Real Time Build Order
Export as new Build Order

Serral Zerg - Winner!

Build Orders: Hatch First 

Get SALT Encoding   

  12  0:00  Drone  
  13  0:12  Overlord  
  13  0:16  Drone  
  14  0:31  Drone x2  
  16  0:47  Hatchery  
  15  0:51  Drone  
  15  0:54  Drone  
  17  0:57  Drone  
  18  1:08  Extractor  
  17  1:13  Spawning Pool  
  17  1:16  Drone  
  17  1:19  Drone  
  18  1:27  Drone  
  19  1:38  Drone  
  20  1:48  Drone  
  21  1:59  Queen x2  
  21  2:00  Zergling x4  
  27  2:10  Overlord  
  27  2:11  Drone  
  28  2:21  Hatchery  
  27  2:26  Drone  
  28  2:30  Metabolic Boost  
  27  2:39  Drone x3  
  30  2:44  Queen  
  30  2:51  Overlord  
  32  2:53  Drone  
  32  2:56  Drone  
  32  2:58  Drone  
  35  3:04  Drone  
  36  3:09  Drone  
  36  3:10  Drone x3  
  40  3:17  Overlord  
  40  3:20  Queen  
  40  3:24  Queen  
  44  3:33  Drone  
  44  3:34  Drone  
  46  3:35  Drone x2  
  46  3:36  Queen  
  50  3:41  Zergling x6  
  50  3:45  Overlord  
  50  3:47  Drone  
  54  3:49  Drone  
  54  3:50  Drone  
  54  3:51  Drone  
  54  3:55  Drone  
  58  4:00  Overlord  
  58  4:02  Queen  
  58  4:05  Zergling x4  
  58  4:07  Overlord  
  58  4:09  Drone  
  63  4:10  Drone  
  63  4:12  Drone  
  63  4:13  Drone  
  66  4:19  Queen  
  66  4:20  Overlord  
  68  4:26  Drone x4  
  68  4:29  Drone x2  
  74  4:32  Overlord  
  74  4:35  Lair  
  74  4:36  Overlord  
  75  4:38  Drone  
  75  4:39  Drone  
  75  4:40  Drone  
  75  4:44  Extractor, Spore Crawler  
  75  4:48  Queen, Baneling Nest  
  76  4:53  Spore Crawler x2  
  76  4:54  Drone  
  76  4:58  Zergling x2  
  76  4:59  Drone x2  
  79  5:00  Drone  
  79  5:06  Hatchery  
  78  5:07  Drone  
  78  5:08  Drone  
  78  5:10  Drone  
  78  5:14  Extractor, Drone x3  
  81  5:17  Drone x2  
  81  5:18  Drone  
  81  5:19  Drone  
  87  5:22  Drone, Overlord  
  87  5:26  Drone x3  
  91  5:34  Extractor, Centrifical Hooks  
  90  5:36  Evolution Chamber, Overseer  
  90  5:37  Drone x3  
  90  5:39  Evolution Chamber  
  93  5:45  Drone x3  
  93  5:49  Zergling x6  
  97  5:50  Drone x2  
  97  5:54  Drone x2  
  98  6:01  Drone x4  
  98  6:03  Drone x2  
  98  6:04  Drone x3  
  104  6:07  Zerg Melee Weapons Level 1, Zerg Ground Armor Level 1  
  106  6:13  Overlord  
  106  6:15  Overlord x2  
  106  6:18  Overseer  
  106  6:19  Overlord  
  106  6:20  Queen  
  106  6:23  Zergling x2  
  109  6:26  Zergling x4  
  109  6:31  Pneumatized Carapace  
  109  6:32  Overseer  
  111  6:33  Zergling x4  
  111  6:37  Zergling x4  
  115  6:41  Hatchery, Zergling x2  
  115  6:44  Baneling x8  
  115  6:45  Zergling x8  
  119  6:48  Zergling x4  
  119  6:49  Baneling x5  
  119  6:52  Drone  
  119  6:53  Zergling x12, Spore Crawler  
  127  6:57  Baneling x4  
  127  6:58  Zergling x4  
  130  7:01  Zergling x4  
  131  7:11  Zergling x6  
  134  7:17  Zergling x8  
  137  7:23  Zergling x2  
  137  7:24  Zergling x12  
  137  7:27  Overlord  
  137  7:29  Overlord x2  
  143  7:35  Hatchery, Baneling x2, Infestation Pit  
  141  7:42  Drone x2  
  143  7:45  Baneling x10  
  143  7:46  Drone x6  
  143  7:47  Zergling x8  
  153  7:52  Zergling x12  
  153  7:58  Zergling x2  
  160  7:59  Zergling x6  
  162  8:07  Zergling x12  
  162  8:12  Zergling x12  
  171  8:16  Zergling x2  
  171  8:19  Zergling x12  
  172  8:22  Hive  
  172  8:23  Queen  
  172  8:25  Spore Crawler  
  172  8:26  Overlord x2  
  172  8:29  Zerg Ground Armor Level 2, Zerg Melee Weapons Level 2  
  172  8:32  Baneling x4  
  172  8:35  Zergling x2  
  171  8:53  Zergling x46  
  171  8:54  Baneling  
  171  8:55  Baneling x9  
  178  8:57  Queen x2  
  165  9:07  Zergling x12  
  148  9:11  Baneling x6  
  148  9:12  Baneling, Zergling x2  
  148  9:13  Zergling x4  
  142  9:19  Queen x3, Zergling x8  
  132  9:25  Zergling x26  
  132  9:27  Baneling x4  
  140  9:31  Zergling x12  
  140  9:33  Queen  
  140  9:34  Baneling x6  
  140  9:38  Zergling x2  
  149  9:43  Zergling x10  
  153  9:48  Zergling x2  
  152  9:56  Zergling x10  
  157  10:01  Hatchery  
  157  10:03  Zergling x2  
  157  10:04  Zergling x14  
  157  10:06  Baneling x14  
  164  10:13  Zergling x12  
  160  10:23  Queen x5  
  160  10:24  Queen  
  160  10:26  Zergling x24  
  184  10:30  Overlord x2  
  184  10:33  Zergling x8  
  188  10:38  Overlord  
  188  10:40  Zergling x4  
  183  10:47  Baneling x5  
  183  10:48  Baneling x4  
Tags
 
Add a new tag
Caveats
  • Supply blocks, unpowered buildings, or Contaminate may cause inaccurate times.
  • Supply counts are checked every 10 seconds.